[ AOE2 MATCH · #507100450 ]
UnrankedIncas vs Byzantines
Player's team · LOSS
[ REPLAY ANALYSIS · EXTRACTED FROM THE RECORDED GAME ]
Feudal
—
Castle
—
Imperial
—
| APM avg | 26.2 |
| APM peak | 57 |
| eAPM avg | 15.0 |
| Villagers / military | 30 / 0 |
Focus
⚔️ 43.1% · 🌾 56.9%
Unknown (2550) ×26
Feudal
—
Castle
—
Imperial
—
| APM avg | 0.1 |
| APM peak | 2 |
| eAPM avg | 0.1 |
| Villagers / military | 0 / 0 |
Match map
Initial resources + every placement click. Lines = walls · curves = elevation contours. ◆ gold · ⬟ stone · ● berries · ✦ relic · ◌ wall gap
Your base· Open — unwalled flank
No Pauses's base· Open — unwalled flank
Smoothed initial terrain · ◌ = detected wall gap · hover for details
Inputs per minute
— Hemingway - - No Pauses
Build order — Hemingway
65 actions detected in the replay
| 0:01 | Queue | Villager (Male) |
| 0:01 | Queue | Villager (Male) |
| 0:01 | Queue | Villager (Male) |
| 0:02 | Build | House |
| 0:15 | Build | Barracks |
| 0:45 | Queue | Villager (Male) |
| 0:45 | Queue | Villager (Male) |
| 1:05 | Queue | Unit 2550 |
| 1:20 | Queue | Villager (Male) |
| 1:20 | Queue | Villager (Male) |
| 1:41 | Research | Loom |
| 1:59 | Queue | Villager (Male) |
| 2:00 | Queue | Villager (Male) |
| 2:31 | Queue | Villager (Male) |
| 2:37 | Build | House |
| 2:55 | Queue | Villager (Male) |
| 2:56 | Queue | Villager (Male) |
| 3:13 | Queue | Villager (Male) |
| 3:13 | Queue | Villager (Male) |
| 3:55 | Queue | Villager (Male) |
| 3:55 | Queue | Villager (Male) |
| 3:58 | Queue | Villager (Male) |
| 3:58 | Queue | Villager (Male) |
| 4:25 | Queue | Unit 2550 |
| 5:02 | Queue | Villager (Male) |
| 5:03 | Queue | Villager (Male) |
| 5:38 | Queue | Unit 2550 |
| 5:59 | Queue | Villager (Male) |
| 6:04 | Build | Settlement |
| 6:30 | Queue | Villager (Male) |
| 6:31 | Queue | Unit 2550 |
| 6:45 | Queue | Unit 2550 |
| 7:08 | Queue | Villager (Male) |
| 7:08 | Queue | Villager (Male) |
| 7:27 | Queue | Unit 2550 |
| 7:56 | Queue | Villager (Male) |
| 8:26 | Queue | Villager (Male) |
| 8:36 | Queue | Unit 2550 |
| 8:45 | Build | Barracks |
| 8:51 | Queue | Villager (Male) |
| 8:51 | Queue | Unit 2550 |
| 9:12 | Queue | Villager (Male) |
| 9:28 | Queue | Unit 2550 |
| 9:44 | Queue | Villager (Male) |
| 10:02 | Queue | Unit 2550 |
| 10:06 | Queue | Unit 2550 |
| 10:15 | Build | House |
| 10:37 | Queue | Villager (Male) |
| 10:38 | Queue | Unit 2550 |
| 10:38 | Queue | Unit 2550 |
| 10:41 | Build | House |
| 10:46 | Queue | Unit 2550 |
| 11:12 | Queue | Unit 2550 |
| 11:51 | Queue | Unit 2550 |
| 11:52 | Queue | Unit 2550 |
| 12:33 | Build | Barracks |
| 12:35 | Queue | Unit 2550 |
| 12:55 | Queue | Unit 2550 |
| 12:56 | Queue | Unit 2550 |
| 12:58 | Queue | Unit 2550 |
| 12:58 | Queue | Unit 2550 |
| 13:49 | Queue | Unit 2550 |
| 13:50 | Queue | Unit 2550 |
| 13:50 | Queue | Unit 2550 |
| 13:51 | Queue | Unit 2550 |
Build order — No Pauses
0 actions detected in the replay
Match timeline
| 0:15 | Hemingway · first_building Barracks |
[ AI ANALYSIS · 1 CREDIT ]
What really happened in this match?
Wolo.gg analyzes every decision: build order, eco, micro, common mistakes by bracket. Personalized analysis on WhatsApp or Discord in 30 seconds.
Civ guide
Incas
Perfil
Jugador #19335431